 Dungeon Crawl Stone Soup version 0.29-a0-378-gc08b2e8bf8 (webtiles) character file.

Game seed: 17633801907364343442

7 Majang the Ducker (level 2, 18/18 HPs)
             Began as a Kobold Gladiator on May 4, 2022.
             Was a Follower of Vehumet.
             Quit the game on level 1 of the Dungeon.
             The game lasted 00:00:50 (455 turns).

Majang the Ducker (Kobold Gladiator)                 Turns: 455, Time: 00:00:50

Health: 18/18      AC:  4    Str: 11    XL:     2   Next: 5%
Magic:  2/2        EV: 15    Int:  9    God:    Vehumet [*.....]
Gold:   36         SH:  0    Dex: 16    Spells: 1/1 levels left

rFire   . . .      SeeInvis .   a - +0 long sword
rCold   . . .      Faith    .   (no shield)
rNeg    . . .      Spirit   .   b - +0 leather armour
rPois   .          Reflect  .   c - +0 helmet
rElec   .          Harm     .   (no cloak)
rCorr   .          Rampage  .   (no gloves)
Will    .....                   (no boots)
Stlth   ++........              (no amulet)
HPRegen 0.06/turn               (no ring)
MPRegen 0.08/turn               (no ring)

@: no status effects
A: small, no large weapons, nightstalker 3
a: Renounce Religion


You were on level 1 of the Dungeon.
You worshipped Vehumet.
Vehumet was aware of your devotion.
You visited 1 branch of the dungeon, and saw 1 of its levels.

You collected 36 gold pieces.

Inventory:

Hand Weapons
 a - a +0 long sword (weapon)
Missiles
 d - 3 throwing nets (quivered)
 e - 2 boomerangs
Armour
 b - a +0 leather armour (worn)
 c - a +0 helmet (worn)
Scrolls
 f - a scroll of magic mapping {unknown}
 g - a scroll of identify {unknown}
Potions
 h - a potion of ambrosia {unknown}
 i - a potion of might {unknown}


   Skills:
 + Level 2.4 Fighting
 * Level 2.7 Long Blades
 - Level 2.1 Throwing
 - Level 3.6 Dodging


You had one spell level left.
You didn't know any spells.
Your spell library was empty.

Dungeon Overview and Level Annotations

Branches:
Dungeon (1/15)

Altars:
Vehumet


Innate Abilities, Weirdness & Mutations

You are small and have problems with some larger weapons.
You are completely attuned to the shadows.


Message History

Found a stone staircase leading down.
You now have 6 gold pieces.
You now have 13 gold pieces (gained 7).
Found a stone staircase leading down.
g - a scroll labelled BOESYH LEO You now have 24 gold pieces (gained 11).
A bat comes into view.
Found a murky blue potion.
The bat completely misses you. The bat hits you but does no damage.
You hit the bat but do no damage. The bat hits you but does no damage.
You hit the bat.
You kill the bat!
h - a murky blue potion
Found a stone staircase leading down.
i - a dark potion You now have 36 gold pieces (gained 12).
A goblin comes into view. It is wielding a +0 club.
The helpless goblin fails to defend itself.
You hit the goblin.
You kill the goblin!
A bat comes into view.
The bat hits you but does no damage. The bat hits you but does no damage.
The bat misses you.
You slash the bat!
You kill the bat!
You have reached level 2!
You see here a bat corpse.
Found a dagger.
Found a faded altar of an unknown god.
Found 19 gold pieces.
You start waiting.
Done waiting.
There is a faded altar of an unknown god here.
You cannot tell which god this altar belongs to.
Convert to them anyway?
Vehumet accepts your prayer! Vehumet welcomes you!
You can now gain magical power from killing.
Vehumet offers you knowledge of Sandblast.
Are you sure you want to abandon this character and quit the game? (Confirm with "yes".)

.#. ###. .# ...
....$.## .#.#######
#.....####
......)..###.#..#.....
###.#........ .#@#..###
#.#.##.####...#......
#.#.##.# #.......#.#
#.#.##.# #####......
#......# ######.###.
###......# #..........
..#.#.##.####.....###..
...........†......# .
..#.#.##.####.....#


There were no monsters in sight!

Vanquished Creatures
  3 bats (D:1)
  A giant cockroach (D:1)
  A goblin (D:1)
  A rat (D:1)
6 creatures vanquished.

Notes
Turn   | Place    | Note
-------+----------+-------------------------------------------
     0 | D:1      | Majang the Kobold Gladiator began the quest for the Orb.
     0 | D:1      | Reached XP level 1. HP: 12/12 MP: 1/1
   340 | D:1      | Reached XP level 2. HP: 18/18 MP: 2/2
   348 | D:1      | Found a faded altar of an unknown god.
   454 | D:1      | Prayed at the altar of an unknown god.
   454 | D:1      | Became a worshipper of Vehumet
   454 | D:1      | Reached * piety under Vehumet
   454 | D:1      | Offered knowledge of Sandblast by Vehumet.
   455 | D:1      | Quit the game

Illustrated notes

Levels and vault maps discovered:
D:1:      dpeg_arrival_rooms_b, layout_loops_cross,
          chequers_ecumenical_altar_simple

Action                   || total
-------------------------++-------
Melee: Long sword        ||    13
 Stab: Sleeping          ||     3
Armor: Leather armour    ||     7
Dodge: Dodged            ||     6

Table legend: (Time is in decaauts)
 A = Elapsed time spent in this place.
 B = Non-inter-level travel time spent in this place.
 C = Inter-level travel time spent in this place.
 D = Time resting spent in this place.
 E = Time spent auto-exploring this place.
 F = Levels seen in this place.
 G = Mean time per level.
                   A        B        C        D        E       F      G
               +--------+--------+--------+--------+--------+-----+--------+
         Total |    458 |    458 |      0 |    100 |    300 |   1 |  458.0 |
       Dungeon |    458 |    458 |      0 |    100 |    300 |   1 |  458.0 |
               +--------+--------+--------+--------+--------+-----+--------+

Top non-repeatable levels by time:
     D:1: 458 daAuts
